AoeStats
← BlossomForce

Oasis

509823799Analyzed
4v4 RM · 4d ago on Sep 28, 2026· 15m 2s· 8 players
Game mode
Random Map
Map size
Large (8 player)
Population
200
Speed
Normal
Resources
Standard
Victory
Conquest
Starting age
Dark Age
Ending age
Imperial Age
RankedLock teamsTeams togetherTeam positionsShared explorationLock speedFull tech treeHidden civsTurbo modeCheats
Victory
Defeat
🇨🇦 Danes · Canada
1462
+10
🇺🇸 Saxons · United States
1381
+13
🇺🇸 Japanese · United States
1341
+14
🇺🇸 Varangians · United States
1316
+16
🇲🇽 Muisca · Mexico
1348
-15
🇨🇳 Danes · China
1346
-15
🇦🇷 Varangians · Argentina
1310
-13
🇨🇳 Japanese · China
1243
-10
Ratchet2krox
6:24 Loom
9:12 Feudal Age
FernecitoBranca
6:52 Loom
9:38 Feudal Age
10:54 Double-Bit Axe
只爆叉叉
12:30 Feudal Age
16:04 Castle Age
13:55 Double-Bit Axe
14:02 Gold Mining
14:48 Horse Collar
15:20 Scale Mail Armor
15:31 Forging
1722767622
8:24 Loom
11:13 Feudal Age
14:22 Town Watch
AlohaInMyHeartForAOE2
6:39 Loom
9:22 Feudal Age
9:25 Man-at-Arms
13:24 Scale Mail Armor
Drachken
7:24 Loom
9:37 Feudal Age
10:05 Horse Collar
10:11 Double-Bit Axe
BlossomForce
3:50 Loom
14:34 Feudal Age
nap ydnar
5:52 Loom
9:00 Feudal Age
9:37 Man-at-Arms
15:14 Fletching
Connection lost

Rejoining the realm…

Still unreachable

The connection could not be restored.

Session expired

The server has moved on; the page needs a fresh start.